 Dungeon Crawl Stone Soup version 0.31.0-32-g396128a36d (webtiles) character file.

Game seed: 2561499143082321657

11144 Lerkel the Basher (level 11, 0/102 HPs)
             Began as a Hill Orc Berserker on Mar 25, 2024.
             Was an Elder of Trog.
             Succumbed to an orange demon's poison
             ... on level 10 of the Dungeon.
             The game lasted 00:17:07 (10680 turns).

Lerkel the Basher (Hill Orc Berserker)             Turns: 10680, Time: 00:17:07

Health: 0/102      AC: 22    Str: 28    XL:     11   Next: 73%
Magic:  11/11      EV: 25    Int: 11    God:    Trog [****..]
Gold:   421        SH:  0    Dex: 10    Spells: 10/10 levels left

rFire   + . .        B - +2 flail (heavy)
rCold   . . .        (no shield)
rNeg    . . .        L - +3 chain mail
rPois   +            v - +1 helmet
rElec   .            d - +1 cloak
rCorr   .            t - +1 pair of gloves
SInv    .            (no boots)
Will    +....        F - amulet "Beenuagh" {Acrobat Will+ Str+3 Int+4 Stlth-} Stlth
                     e - ring of protection from fire
HPRegen 0.37/turn    g - ring of poison resistance
MPRegen 0.12/turn

%: acrobat
@: lethally poisoned (0 -> -7), weakened, on berserk cooldown, acrobatic,
slowed, very slow
A: no striking features
a: Renounce Religion, Berserk, Trog's Hand, Brothers in Arms


You were on level 10 of the Dungeon.
You worshipped Trog.
Trog was greatly pleased with you.
You visited 1 branch of the dungeon, and saw 10 of its levels.
You visited the Abyss 1 time.

You collected 770 gold pieces.
You spent 349 gold pieces at shops.

Inventory:

Hand Weapons
 a - a +0 hand axe
 B - a +2 heavy flail (weapon)
 J - a +2 flail of protection
 K - a +0 war axe
Missiles
 i - 67 poisoned darts (quivered)
 H - 2 throwing nets
Armour
 b - a +0 animal skin
 d - a +1 cloak (worn)
 n - a +0 leather armour
 s - a +0 ring mail
 t - a +1 pair of gloves (worn)
 v - a +1 helmet (worn)
 y - a +0 chain mail
 L - a +3 chain mail (worn)
Jewellery
 e - a ring of protection from fire (left hand)
 g - a ring of poison resistance (right hand)
 o - an amulet of magic regeneration
 x - a +6 ring of dexterity
 F - the amulet "Beenuagh" (around neck) {Acrobat Will+ Str+3 Int+4 Stlth-}
   (You acquired it on level 4 of the Dungeon)

   [amulet of the acrobat]

   Acrobat:   It increases your evasion while moving and waiting.
   Str+3:     It affects your strength (+3).
   Int+4:     It affects your intelligence (+4).
   Will+:     It increases your willpower.
   Stlth-:    It makes you less stealthy.
 M - a ring of willpower
Wands
 Q - a wand of iceblast (15)
 S - a wand of flame (8)
Scrolls
 f - 6 scrolls of teleportation
 l - a scroll of revelation
 m - a scroll of immolation
 r - a scroll of vulnerability
 A - 2 scrolls of enchant weapon
 G - a scroll of noise
 N - 2 scrolls of fear
 O - a scroll of enchant armour
 P - a scroll of fog
 R - 2 scrolls of identify
Potions
 c - 2 potions of enlightenment
 h - 4 potions of magic
 j - a potion of brilliance
 k - 2 potions of ambrosia
 q - a potion of cancellation {unknown}
 u - 3 potions of attraction
 w - a potion of might {unknown}
 C - a potion of curing
 E - a potion of lignification {unknown}
 I - a potion of degeneration {unknown}


   Skills:
 + Level 11.5 Fighting
 - Level 5.3(11.5) Axes
 * Level 13.3(13.6) Maces & Flails
 + Level 10.3 Armour
 - Level 2.7 Dodging


You had 10 spell levels left.
You didn't know any spells.
Your spell library was empty.

Dungeon Overview and Level Annotations

Branches:
Dungeon (10/15)            Temple (0/1) D:6            Lair (0/5) D:9
    Orc: D:9-12

Altars:
Ashenzari
Cheibriados
Elyvilon
Fedhas
Gozag
Hepliaklqana
Nemelex Xobeh
Okawaru
Qazlal
Ru
Trog
Vehumet
Xom
Yredelemnul
Zin
The Shining One

Shops:
D:1 (   D:7 ?   D:9 *

Annotations:
D:9 2 transporters, sking99's ghost, novice DrEE
D:10 Erolcha


Message History

You are no longer berserk.
You are exhausted.
You feel yourself slow down.
The orange demon stings you but does no damage.
The orange demon barely misses you.
There is a gateway leading out of the Abyss here.
The orange demon stings you but does no damage.
The orange demon hits you but does no damage.
The orange demon stings you but does no damage.
The orange demon barely misses you.
You pass through the gate.
Welcome back to the Dungeon!
Level annotation: Erolcha You sock Erolcha!
Erolcha is moderately wounded.
Erolcha barely misses you. The orange demon closely misses you.
The orange demon misses you.
Erolcha mumbles some strange words.
Erolcha flickers and vanishes!
Deactivating autopickup; reactivate with Ctrl-A.
You feel much better. The orange demon stings you!
The orange demon hits you but does no damage.
Something hits you!! The orange demon stings you!
* * * LOW HITPOINT WARNING * * *
You are poisoned.
The orange demon poisons you!
The orange demon hits you but does no damage.
Blink to where?
Press: ? - help, Dir - move target
As you read the scroll of blinking, it crumbles to dust.
* * * LOW HITPOINT WARNING * * *
You feel extremely sick.
* * * LOW HITPOINT WARNING * * *
You feel very sick.
You feel very sick.
You hear some strange, mumbled words.
A fireball appears from out of thin air!
The fireball explodes!
The fireball engulfs you! You resist.
* * * LOW HITPOINT WARNING * * *
You die...

.#≈≈≈≈#..## #......## #..'.._..
~#≈~≈≈#...# #......<# #..#.....
~~~~≈~#...#####.......###..#.....
~≈~≈≈~.>...................######
~~≈≈≈.......###......#......[....
..≈≈.~.......##.........###.)....
.~.~.#.......######...#.##......#
######........#####..#.......>...
##.....#{..@#..............#
##....4.........######....).
#........................##)
#§......##..##.....##....##.
#.......#..............#<##.
##.....##.####.#.....#...#..
#....###(# #.#............ #.####
#.# #.......#.....# #######.#
#.#####.....##.....#


You could see an orange demon.

Vanquished Creatures
  A tentacled starspawn (Abyss:1)
  Erica (D:10)
  2 two-headed ogres (D:10)
  2 thrashing horrors (Abyss:1)
  A wretched star (Abyss:1)
  A soul eater (Abyss:1)
  2 large abominations (Abyss:1)
  A manticore (D:9)
  Joseph (D:10)
  An ancient zyme (Abyss:1)
  A ynoxinul (Abyss:1)
  2 steam dragons (D:8)
  A small abomination (Abyss:1)
  Edmund (D:6)
  An acid dragon (D:10)
  Duvessa (D:7)
  An orc warrior (D:6)
  3 black bears
  2 ice beasts (D:8)
  A sky beast (D:8)
  2 centaurs
  An ogre (D:5)
  2 phantoms (D:6)
  5 kobold brigands
  Blork the orc (D:5)
  4 bullfrogs
  2 gnoll sergeants
  4 scorpions
  Dowan (D:7)
  3 wights (D:7)
  5 hounds
  A jelly (D:5)
  3 bombardier beetles
  6 orc priests
  3 sleepcaps
  5 iguanas
  8 orc wizards
  12 gnolls
  9 adders
  A white imp (Abyss:1)
  2 dart slugs
  2 ribbon worms (D:4)
  30 orcs
  11 ball pythons
  6 endoplasms
  4 giant cockroaches
  3 goblins
  7 hobgoblins
  35 kobolds
  7 quokkas
  6 bats
  4 frilled lizards
  5 rats
  A spectral goblin (D:6)
228 creatures vanquished.

Vanquished Creatures (others)
  7 starspawn tentacles (Abyss:1)
7 creatures vanquished.

Grand Total: 235 creatures vanquished

Notes
Turn   | Place    | Note
-------+----------+-------------------------------------------
     0 | D:1      | Lerkel the Hill Orc Berserker began the quest for the Orb.
     0 | D:1      | Reached XP level 1. HP: 19/19 MP: 1/1
   274 | D:1      | Reached XP level 2. HP: 27/27 MP: 2/2
   579 | D:1      | Found Jaomeeropp's Weapon Shoppe.
   657 | D:1      | Reached XP level 3. HP: 33/33 MP: 3/3
   659 | D:1      | Reached ** piety under Trog
  1296 | D:2      | You fall into a shaft and drop 1 floor!
  1492 | D:3      | Found a sacrificial altar of Ru.
  1752 | D:2      | Reached XP level 4. HP: 36/40 MP: 4/4
  1849 | D:2      | Found a faded altar of an unknown god.
  1979 | D:2      | Found an iron altar of Okawaru.
  2540 | D:3      | Found a broken altar of Ashenzari.
  2665 | D:3      | Found an iron altar of Okawaru.
  2707 | D:3      | Found a shimmering altar of Xom.
  2954 | D:4      | Reached skill level 5 in Axes
  2954 | D:4      | Reached XP level 5. HP: 39/47 MP: 5/5
  3024 | D:4      | Found a bloodstained altar of Trog.
  3456 | D:4      | Reached skill level 5 in Fighting
  3456 | D:4      | Reached skill level 1 in Maces & Flails
  3456 | D:4      | Reached XP level 6. HP: 48/56 MP: 6/6
  3663 | D:4      | Identified the +1 ring mail "Tafatic" {Int+2}
  3719 | D:4      | Found a glowing golden altar of the Shining One.
  3775 | D:4      | Found a stormy altar of Qazlal.
  3778 | D:4      | Reached skill level 2 in Maces & Flails
  3860 | D:4      | Found a sparkling altar of Nemelex Xobeh.
  3941 | D:4      | Found a glowing silver altar of Zin.
  4087 | D:4      | Identified a scroll of acquirement
  4087 | D:4      | Acquired the amulet "Beenuagh" {Acrobat Will+ Str+3 Int+4
                  | Stlth-}
  4101 | D:5      | Entered Level 5 of the Dungeon
  4292 | D:5      | Reached *** piety under Trog
  4304 | D:5      | Reached skill level 3 in Maces & Flails
  4304 | D:5      | Reached XP level 7. HP: 57/61 MP: 7/7
  4379 | D:5      | Noticed Blork the orc
  4384 | D:5      | Killed Blork the orc
  4669 | D:5      | Identified the +1 leather armour of Summer {Slay+2}
  4744 | D:5      | Reached skill level 4 in Maces & Flails
  4747 | D:5      | Reached skill level 5 in Armour
  4960 | D:5      | Reached skill level 5 in Maces & Flails
  4960 | D:5      | Reached XP level 8. HP: 64/71 MP: 8/8
  5407 | D:6      | Reached skill level 6 in Maces & Flails
  5457 | D:6      | Noticed Edmund
  5462 | D:6      | Killed Edmund
  5517 | D:6      | Found a white marble altar of Elyvilon.
  5710 | D:6      | Reached skill level 7 in Maces & Flails
  5781 | D:6      | Found a blossoming altar of Fedhas.
  5831 | D:6      | Found a hazy altar of Hepliaklqana.
  5873 | D:6      | Reached XP level 9. HP: 76/79 MP: 9/9
  6365 | D:6      | Found a staircase to the Ecumenical Temple.
  6451 | D:7      | Reached skill level 8 in Maces & Flails
  6937 | D:7      | Found a snail-covered altar of Cheibriados.
  6954 | D:7      | Found Becuq's Magic Scroll Emporium.
  6980 | D:7      | Bought a scroll of enchant armour for 82 gold pieces
  6980 | D:7      | Bought a scroll of fear for 44 gold pieces
  6980 | D:7      | Bought a scroll of fear for 44 gold pieces
  6980 | D:7      | Bought a scroll of enchant weapon for 82 gold pieces
  7118 | D:7      | Noticed Duvessa
  7119 | D:7      | Noticed Dowan
  7122 | D:7      | Killed Duvessa
  7123 | D:7      | Killed Dowan
  7123 | D:7      | Reached **** piety under Trog
  7481 | D:7      | Reached skill level 9 in Maces & Flails
  8018 | D:8      | Reached XP level 10. HP: 91/91 MP: 10/10
  8192 | D:8      | Identified the +1 cloak of the Stone Wall {+Blink rF-
                  | Will+}
  8396 | D:9      | Noticed a tengu warrior
  8396 | D:9      | Noticed sking99's ghost (novice DrEE)
  8397 | D:9      | Found a transporter.
  8428 | D:9      | Found a radiant altar of Vehumet.
  8462 | D:9      | Found a transporter.
  8469 | D:9      | Found a bloodstained altar of Trog.
  8479 | D:9      | Noticed a moth of wrath
  8529 | D:9      | Reached skill level 10 in Maces & Flails
  8568 | D:9      | Found an opulent altar of Gozag.
  8789 | D:9      | Noticed a manticore
  8791 | D:9      | Found a staircase to the Lair.
  8796 | D:9      | Killed a manticore
  8861 | D:9      | Found Epalegg's General Store.
  8870 | D:9      | Bought a scroll of enchant armour for 97 gold pieces
  9573 | D:10     | Entered Level 10 of the Dungeon
  9597 | D:10     | Noticed a two-headed ogre
  9603 | D:10     | Killed a two-headed ogre
  9603 | D:10     | Noticed Erica
  9612 | D:10     | Killed Erica
  9613 | D:10     | Reached skill level 10 in Fighting
  9613 | D:10     | Reached skill level 11 in Maces & Flails
  9881 | D:10     | Found a basalt altar of Yredelemnul.
 10048 | D:10     | Noticed a two-headed ogre
 10054 | D:10     | Killed a two-headed ogre
 10219 | D:10     | Noticed Joseph
 10221 | D:10     | Noticed Erolcha
 10228 | D:10     | Killed Joseph
 10229 | D:10     | Reached XP level 11. HP: 101/101 MP: 11/11
 10249 | Abyss:1  | Cast into level 1 of the Abyss (Erolcha)
 10253 | Abyss:1  | Found a corrupted altar of Lugonu.
 10259 | Abyss:1  | Noticed a large abomination
 10268 | Abyss:1  | Killed a large abomination
 10269 | Abyss:1  | Reached skill level 12 in Maces & Flails
 10484 | Abyss:1  | Noticed a thrashing horror
 10497 | Abyss:1  | Killed a thrashing horror
 10503 | Abyss:1  | Noticed a large abomination
 10507 | Abyss:1  | Noticed a large abomination
 10509 | Abyss:1  | Noticed a thrashing horror
 10526 | Abyss:1  | Killed a thrashing horror
 10541 | Abyss:1  | Noticed a wretched star
 10549 | Abyss:1  | Killed a wretched star
 10638 | Abyss:1  | Noticed a large abomination
 10640 | Abyss:1  | Noticed a tentacled starspawn
 10649 | Abyss:1  | Noticed a soul eater
 10662 | Abyss:1  | Killed a large abomination
 10663 | Abyss:1  | Reached skill level 10 in Armour
 10666 | Abyss:1  | Killed a soul eater
 10667 | Abyss:1  | Reached skill level 13 in Maces & Flails
 10670 | Abyss:1  | Killed a tentacled starspawn
 10671 | Abyss:1  | Noticed a soul eater
 10674 | D:10     | Escaped the Abyss
 10679 | D:10     | HP: 2/102 [something/fireball (9)]
 10680 | D:10     | Succumbed to an orange demon's poison

Illustrated notes

Levels and vault maps discovered:
D:1:      scummos_arrival_star, layout_loops_corners, serial_shops,
          nicolae_shop_bloodbath_and_beyond, minmay_pentomino_q4
D:2:      layout_basic, basic_altar, shapermc_ecumenical_altar_venn
D:3:      layout_rooms, nicolae_ashenzari_skybound,
          regret_index_xom_buried_treasure, mainiacjoe_overflow_alcove_2,
          marbit_many_paths, minmay_misc_feat_rows
D:4:      layout_basic, mainiacjoe_overflow_chevrons, lemuel_tele_altar,
          zin_scriptorium, nicolae_tso_carved_into_rock, kennysheep_mini,
          nicolae_houndstooth_variations
D:5:      minmay_general_purpose_star, layout_loops_ring, uniq_blork_the_orc
D:6:      layout_basic, elyvilon_altar_1, fedhas_bush_and_centaur_altar,
          nicolae_hepliaklqana_monster_ancestors, minmay_temple_entry_poolview,
          uniq_edmund
D:7:      layout_basic, old_standard_altar, serial_shops, shop, uniq_duvessa
D:8:      layout_cave_pools, st_stairs_5, nicolae_concentric_dashed_squares_mild
D:9:      layout_layer_cave, mainiacjoe_overflow_concentric_impassable,
          mainiacjoe_overflow_boulevard, lair_entry_dummy,
          gammafunk_ghost_wrathful_warriors, serial_shops,
          nicolae_shop_tiny_statue_garden, palyth_stone_intersect
D:10:     layout_rooms, amcnicky_altar_gilded, interstate_on_off, nicolae_wwwww,
          chequers_serial_rivers_large_a, uniq_erica, uniq_joseph, uniq_erolcha

Skill      XL: |  1  2  3  4  5  6  7  8  9 10 11 |
---------------+----------------------------------+-----
Fighting       | 4 5 6 7 9 10 11 | 11.5
Dodging        | 2 |  2.7
Armour         | 3 4 5 6 7 9 10 | 10.3
Axes           | 5 |  5.3
Maces & Flails | 1 3 5 7 9 11 13 | 13.3

Action                     |  1- 3 |  4- 6 |  7- 9 | 10-12 || total
---------------------------+-------+-------+-------+-------++-------
  Melee: Hand axe          |   102 |   121 |       |       ||   223
         Flail             |       |    56 |   219 |   137 ||   412
         Punch             |       |       |     1 |     2 ||     3
 Invoke: Berserk           |     2 |     1 |     5 |     6 ||    14
         Trog's Hand       |       |       |     1 |       ||     1
    Use: Scroll            |       |    10 |     5 |    10 ||    25
         Potion            |       |       |     1 |     3 ||     4
   Stab: Sleeping          |     1 |       |       |       ||     1
 Armour: Animal skin       |    41 |       |       |       ||    41
         Leather armour    |    15 |       |       |       ||    15
         Ring mail         |     7 |    49 |       |       ||    56
         Chain mail        |       |   101 |   299 |   187 ||   587
  Dodge: Dodged            |    64 |    75 |   196 |   146 ||   481
